PAA
SACRAMENTO WHITECAPS @ RICHLAND RAILS
07/09/2021
 
TOP OF THE 1ST
Sacramento Whitecaps batting - Pitching for Richland Rails : RHP Pancho Pantoja
Pitching: RHP Pancho Pantoja
Batting: RHB José Casarreal 0-0: Ball
1-0: Called Strike
1-1: Ball
2-1: Called Strike
2-2: Ball
3-2: Foul Ball, location: 2F
3-2: Fly out, F8 (Flyball, 8LM)
Batting: RHB Henry Potts 0-0: Called Strike
0-1: Ball
1-1: Ball
2-1: SINGLE (Flyball, 89S)
Batting: LHB Mario Cruz 0-0: Ball
1-0: Called Strike
1-1: Ball
2-1: Foul Ball, location: 2F
2-2: Foul Ball, location: 2F
2-2: Ball
3-2: Strikes out swinging
Batting: LHB Robert Bond 0-0: Called Strike
0-1: Called Strike
0-2: Fielders Choice at 2nd, 6-4 (Groundball, 6)
Top of the 1st over - 0 run(s), 1 hit(s), 0 error(s), 0 left on base; Sacramento 0 - Richland 0
BOTTOM OF THE 1ST
Richland Rails batting - Pitching for Sacramento Whitecaps : RHP Javier Dávila
Pitching: RHP Javier Dávila
Batting: LHB Roberto Madrid 0-0: Ball
1-0: Foul Ball, location: 2F
1-1: Ball
2-1: Called Strike
2-2: Strikes out swinging
Batting: LHB Chris Stoltzfus 0-0: Ball
1-0: Foul Ball, location: 2F
1-1: Ground out U3 (Groundball, 3)
Batting: RHB Miguel Vidro 0-0: Ground out 3-1 (Groundball, 34)
Bottom of the 1st over - 0 run(s), 0 hit(s), 0 error(s), 0 left on base; Sacramento 0 - Richland 0
TOP OF THE 2ND
Sacramento Whitecaps batting - Pitching for Richland Rails : RHP Pancho Pantoja
Batting: RHB Bill McCarty 0-0: Ground out 4-3 (Groundball, 4)
Batting: RHB Jackson Shewman 0-0: Called Strike
0-1: Fly out, F8 (Flyball, 89D)
Batting: RHB Alfonso López 0-0: Ball
1-0: Ball
2-0: DOUBLE (Flyball, 89M)
Batting: SHB Valentín Guzmán 0-0: Called Strike
0-1: Ball
1-1: SINGLE (Groundball, 56D)
Alfonso López to third
Runner from 3rd tries for Home, SAFE, no throw or cutoff
Batting: RHB Bernaldyn Berbedo 0-0: Ball
1-0: Called Strike
1-1: Ball
2-1: Ball
3-1: Ground out 4-3 (Groundball, 4)
Top of the 2nd over - 1 run(s), 2 hit(s), 0 error(s), 1 left on base; Sacramento 1 - Richland 0
BOTTOM OF THE 2ND
Richland Rails batting - Pitching for Sacramento Whitecaps : RHP Javier Dávila
Batting: RHB Gustavo Berrios 0-0: Ball
1-0: Reached on error, E6 (Groundball, 6M)
Batting: RHB Jack Davis 0-0: Called Strike
0-1: Ball
1-1: Foul Ball, location: 2F
1-2: DOUBLE (Line Drive, 5D)
Gustavo Berrios to third
Batting: RHB Alexis Smeddon 0-0: Foul Ball, location: 2F
0-1: Ball
1-1: Ball
2-1: Ball
3-1: Base on Balls
Batting: RHB José Herrera 0-0: Ball
1-0: Foul Ball, location: 2F
1-1: Ball
2-1: Called Strike
2-2: GRAND SLAM HOME RUN (Flyball, 7D), Distance : 353 ft
Batting: RHB Zach Lewis 0-0: Swinging Strike
0-1: Ball
1-1: Ball
2-1: Called Strike
2-2: Strikes out swinging
Batting: RHB Andrew Hall 0-0: Ball
1-0: Ball
2-0: Ball
3-0: Base on Balls
Batting: LHB Roberto Madrid 0-0: Ball
1-0: Ball
2-0: Ball
3-0: Called Strike
3-1: Foul Ball, location: 2F
3-2: Base on Balls
Andrew Hall to second
Batting: LHB Chris Stoltzfus 0-0: Foul Ball, location: 2F
0-1: Called Strike
0-2: Strikes out looking
Batting: RHB Miguel Vidro 0-0: Called Strike
0-1: Fly out, F8 (Flyball, 8RS)
Bottom of the 2nd over - 4 run(s), 2 hit(s), 1 error(s), 2 left on base; Sacramento 1 - Richland 4
TOP OF THE 3RD
Sacramento Whitecaps batting - Pitching for Richland Rails : RHP Pancho Pantoja
Batting: RHB José Casarreal 0-0: Ball
1-0: Ball
2-0: Ball
3-0: Called Strike
3-1: Foul Ball, location: 2F
3-2: Strikes out swinging
Batting: RHB Henry Potts 0-0: Fly out, F4 (Line Drive, 4)
Batting: LHB Mario Cruz 0-0: Called Strike
0-1: Swinging Strike
0-2: Ball
1-2: Fly out, F7 (Flyball, 7LS)
Top of the 3rd over - 0 run(s), 0 hit(s), 0 error(s), 0 left on base; Sacramento 1 - Richland 4
BOTTOM OF THE 3RD
Richland Rails batting - Pitching for Sacramento Whitecaps : RHP Javier Dávila
Batting: RHB Gustavo Berrios 0-0: Called Strike
0-1: Foul Ball, location: 2F
0-2: Fly out, F7 (Popup, 7S)
Batting: RHB Jack Davis 0-0: Ball
1-0: Ball
2-0: Called Strike
2-1: Foul Ball, location: 2F
2-2: SINGLE (Line Drive, 34)
Batting: RHB Alexis Smeddon 0-0: Ball
1-0: Foul Ball, location: 2F
1-1: Ball
2-1: DOUBLE (Line Drive, 7LM)
Jack Davis to third
Batting: RHB José Herrera 0-0: Ball
1-0: Ball
2-0: Fly out, F8 (Flyball, 8LS)
Batting: RHB Zach Lewis 0-0: Ball
1-0: Called Strike
1-1: Ball
2-1: Swinging Strike
2-2: Foul Ball, location: 2F
2-2: Ball
3-2: Fly out, F9 (Flyball, 89S)
Bottom of the 3rd over - 0 run(s), 2 hit(s), 0 error(s), 2 left on base; Sacramento 1 - Richland 4
TOP OF THE 4TH
Sacramento Whitecaps batting - Pitching for Richland Rails : RHP Pancho Pantoja
Batting: LHB Robert Bond 0-0: Called Strike
0-1: Fly out, F7 (Flyball, 78M)
Batting: RHB Bill McCarty 0-0: Fly out, F9 (Flyball, 9LD)
Batting: RHB Jackson Shewman 0-0: Called Strike
0-1: Called Strike
0-2: Foul Ball, location: 2F
0-2: Strikes out swinging
Top of the 4th over - 0 run(s), 0 hit(s), 0 error(s), 0 left on base; Sacramento 1 - Richland 4
BOTTOM OF THE 4TH
Richland Rails batting - Pitching for Sacramento Whitecaps : RHP Javier Dávila
Batting: RHB Andrew Hall 0-0: Ball
1-0: Foul Ball, location: 2F
1-1: Foul Ball, location: 2F
1-2: Foul Ball, location: 2F
1-2: Ground out 5-3 (Groundball, 5S)
Batting: LHB Roberto Madrid 0-0: Ground out 4-3 (Groundball, 4)
Batting: LHB Chris Stoltzfus 0-0: Called Strike
0-1: Ball
1-1: Ball
2-1: Called Strike
2-2: Fly out, F8 (Flyball, 8RM)
Bottom of the 4th over - 0 run(s), 0 hit(s), 0 error(s), 0 left on base; Sacramento 1 - Richland 4
TOP OF THE 5TH
Sacramento Whitecaps batting - Pitching for Richland Rails : RHP Pancho Pantoja
Batting: RHB Alfonso López 0-0: Ball
1-0: DOUBLE (Line Drive, 9LS)
Batting: SHB Valentín Guzmán 0-0: Called Strike
0-1: Fly out, F9 (Flyball, 9LSF)
Batting: RHB Bernaldyn Berbedo 0-0: Ball
1-0: Called Strike
1-1: Foul Ball, location: 2F
1-2: Ball
2-2: Foul Ball, location: 2F
2-2: Ground out 4-3 (Groundball, 4)
Alfonso López to third
Batting: RHB José Casarreal 0-0: Ball
1-0: Swinging Strike
1-1: SINGLE (Flyball, 9S)
Alfonso López scores
Batting: RHB Henry Potts 0-0: Ball
1-0: SINGLE (Line Drive, 4MD)
José Casarreal to second
Batting: LHB Mario Cruz 0-0: Foul Ball, location: 2F
0-1: Ball
1-1: Called Strike
1-2: Strikes out swinging
Top of the 5th over - 1 run(s), 3 hit(s), 0 error(s), 2 left on base; Sacramento 2 - Richland 4
BOTTOM OF THE 5TH
Richland Rails batting - Pitching for Sacramento Whitecaps : RHP Javier Dávila
Batting: RHB Miguel Vidro 0-0: Ball
1-0: Ball
2-0: Ball
3-0: Base on Balls
Batting: RHB Gustavo Berrios 0-0: Fly out, F7 (Flyball, 7M)
Batting: RHB Jack Davis 0-0: Swinging Strike
0-1: Foul Ball, location: 2F
0-2: SINGLE (Line Drive, 3D)
Miguel Vidro to second
Batting: RHB Alexis Smeddon 0-0: Ball
1-0: Ball
2-0: Ball
3-0: Called Strike
3-1: Called Strike
3-2: Foul Ball, location: 2F
3-2: Reached on error, E1 (Groundball, 23)
Miguel Vidro to third
Jack Davis to second
Batting: RHB José Herrera 0-0: Ball
1-0: Ball
2-0: Ball
3-0: Called Strike
3-1: Called Strike
3-2: Grounds into double play, 6-4-3 (Groundball, 6)
Bottom of the 5th over - 0 run(s), 1 hit(s), 1 error(s), 2 left on base; Sacramento 2 - Richland 4
TOP OF THE 6TH
Sacramento Whitecaps batting - Pitching for Richland Rails : RHP Pancho Pantoja
Batting: LHB Robert Bond 0-0: Foul Ball, location: 2F
0-1: Foul Ball, location: 2F
0-2: Foul Ball, location: 2F
0-2: Strikes out swinging
Batting: RHB Bill McCarty 0-0: Fly out, F6 (Line Drive, 6)
Batting: RHB Jackson Shewman 0-0: Foul Ball, location: 2F
0-1: Ball
1-1: Fly out, F3 (Popup, 3F)
Top of the 6th over - 0 run(s), 0 hit(s), 0 error(s), 0 left on base; Sacramento 2 - Richland 4
BOTTOM OF THE 6TH
Richland Rails batting - Pitching for Sacramento Whitecaps : RHP Javier Dávila
Batting: RHB Zach Lewis 0-0: Ball
1-0: Ball
2-0: Ball
3-0: Called Strike
3-1: Base on Balls
Batting: RHB Andrew Hall 0-0: Bunt missed!
0-1: Bunted foul
0-2: Ball
1-2: Ball
2-2: Grounds into double play, 5-4-3 (Groundball, 56)
Batting: LHB Roberto Madrid 0-0: SINGLE (Line Drive, 56)
Batting: LHB Chris Stoltzfus 0-0: Ball
1-0: Fly out, F9 (Flyball, 9M)
Bottom of the 6th over - 0 run(s), 1 hit(s), 0 error(s), 1 left on base; Sacramento 2 - Richland 4
TOP OF THE 7TH
Sacramento Whitecaps batting - Pitching for Richland Rails : RHP Pancho Pantoja
Batting: RHB Alfonso López 0-0: Ball
1-0: Ball
2-0: SINGLE (Line Drive, 34)
Batting: SHB Valentín Guzmán 0-0: Swinging Strike
0-1: Ball
1-1: Foul Ball, location: 2F
1-2: Strikes out looking
Batting: RHB Bernaldyn Berbedo 0-0: Swinging Strike
0-1: Ball
1-1: Fly out, F8 (Line Drive, 8LM)
Batting: RHB José Casarreal 0-0: Ball
1-0: Foul Ball, location: 2F
1-1: SINGLE (Groundball, 56)
Alfonso López to second
Pinch Hitting: LHB Jarred Smith 0-0: Ball
1-0: Ball
2-0: Ball
3-0: Base on Balls
Alfonso López to third
José Casarreal to second
Batting: LHB Mario Cruz 0-0: Ball
1-0: Fly out, F8 (Line Drive, 8RD)
Top of the 7th over - 0 run(s), 2 hit(s), 0 error(s), 3 left on base; Sacramento 2 - Richland 4
BOTTOM OF THE 7TH
Richland Rails batting - Pitching for Sacramento Whitecaps : RHP Javier Dávila
Now in RF: Geremia Napolitano
Batting: RHB Miguel Vidro 0-0: Called Strike
0-1: Called Strike
0-2: Ball
1-2: Strikes out swinging
Batting: RHB Gustavo Berrios 0-0: Ball
1-0: SINGLE (Line Drive, 7S)
Batting: RHB Jack Davis Pickoff Throw to First - Error! E1
Gustavo Berrios to second
0-0: SINGLE (Line Drive, 6MD)
Gustavo Berrios to third
Runner from 3rd tries for Home, throw and OUT!
Batting: RHB Alexis Smeddon 0-0: Called Strike
0-1: DOUBLE (Line Drive, 9LM)
Jack Davis to third
Batting: RHB José Herrera 0-0: Foul Ball, location: 2F
0-1: Ball
Wild Pitch!
Jack Davis scores
Alexis Smeddon to third
1-1: Ball
2-1: Swinging Strike
2-2: Foul Ball, location: 2F
2-2: Ball
3-2: Base on Balls
Batting: RHB Zach Lewis 0-0: Ball
1-0: Ball
2-0: Ball
3-0: Base on Balls
José Herrera to second
Pinch Hitting: LHB Valentín Salas 0-0: Swinging Strike
0-1: Swinging Strike
0-2: Ball
1-2: Ball
2-2: Ball
3-2: Ground out 4-3 (Groundball, 4M)
Bottom of the 7th over - 1 run(s), 3 hit(s), 1 error(s), 3 left on base; Sacramento 2 - Richland 5
TOP OF THE 8TH
Sacramento Whitecaps batting - Pitching for Richland Rails : RHP Pancho Pantoja
Now at 1B: César López
Batting: LHB Robert Bond 0-0: Ball
1-0: Foul Ball, location: 2F
1-1: Ball
2-1: Foul Ball, location: 2F
2-2: Ball
3-2: Fly out, F2 (Popup, 2LF)
Batting: RHB Bill McCarty 0-0: Foul Ball, location: 2F
0-1: Ball
1-1: SINGLE (Groundball, 34D)
Batting: RHB Jackson Shewman 0-0: Called Strike
0-1: Ball
1-1: SINGLE (Line Drive, 4)
Bill McCarty to second
Runner from 2nd tries for 3rd, SAFE, throw made to third
Batting: RHB Alfonso López 0-0: Called Strike
0-1: Ball
1-1: Called Strike
1-2: Strikes out looking
Pitching: LHP Jim Unknown
Batting: SHB Valentín Guzmán 0-0: Called Strike
0-1: Swinging Strike
0-2: Ball
Wild Pitch!
Bill McCarty scores
Jackson Shewman to second
1-2: Strikes out swinging
Top of the 8th over - 1 run(s), 2 hit(s), 0 error(s), 1 left on base; Sacramento 3 - Richland 5
BOTTOM OF THE 8TH
Richland Rails batting - Pitching for Sacramento Whitecaps : RHP Javier Dávila
Pitching: LHP Freek Belt
Batting: LHB Roberto Madrid 0-0: Called Strike
0-1: SINGLE (Groundball, 34D) (infield hit)
Batting: LHB Chris Stoltzfus 0-0: Ball
1-0: Ball
2-0: Bunt - Flyout! F2
Batting: RHB Miguel Vidro 0-0: Ball
1-0: Called Strike
1-1: Called Strike
1-2: Grounds into double play, 6-4-3 (Groundball, 6D)
Bottom of the 8th over - 0 run(s), 1 hit(s), 0 error(s), 0 left on base; Sacramento 3 - Richland 5
TOP OF THE 9TH
Sacramento Whitecaps batting - Pitching for Richland Rails : LHP Jim Unknown
Batting: RHB Bernaldyn Berbedo 0-0: DOUBLE (Flyball, 8LXD)
Pinch Hitting: RHB Cullen Spencer 0-0: Called Strike
0-1: Ball
1-1: Ball
2-1: Ground out 1-3 (Groundball, 15)
Pinch Hitting: RHB Jake Castle 0-0: Fly out, F8 (Flyball, 8LXD)
Runner from 2nd tags up, SAFE at 3rd, no throw
Batting: LHB Mario Cruz 0-0: Called Strike
0-1: Ball
1-1: Fly out, F7 (Flyball, 78M)
Top of the 9th over - 0 run(s), 1 hit(s), 0 error(s), 1 left on base; Sacramento 3 - Richland 5
This league is powered by Out of the Park Baseball, the baseball management simulation game for PC, Mac and Linux
Friday, January 22nd, 2016 - OOTP Baseball 16.9 Build 39